Map: Eternal Empire LE

Players

ToIsengard

  • Race: Protoss Protoss
  • League: Grandmaster
  • Spawn Location: 1:00

ShoWTimE - Winner!

  • Race: Protoss Protoss
  • League: Grandmaster
  • Spawn Location: 7:00

VOD

Have the link to the VOD?

Description

Time

  • Played on: Dec. 23, 2019, 7:58 a.m.
  • Length: 7:54
Show
View Real Time Build Order
Export as new Build Order

ToIsengard Protoss 

Build Orders: Phoenix Opening, Zealot Archon, Archon Drop 

Get SALT Encoding   

  12  0:01  Probe  
  13  0:13  Probe  
  14  0:17  Pylon  
  14  0:26  Probe (Chrono Boost)  
  15  0:38  Probe (Chrono Boost), Gateway  
  16  0:45  Probe (Chrono Boost)  
  16  0:48  Assimilator  
  17  0:52  Probe (Chrono Boost)  
  17  0:56  Assimilator  
  18  1:04  Probe (Chrono Boost)  
  18  1:08  Gateway  
  19  1:13  Probe (Chrono Boost)  
  20  1:18  Probe  
  20  1:25  Cybernetics Core  
  21  1:30  Probe  
  22  1:34  Pylon  
  22  1:42  Probe  
  23  1:55  Probe  
  23  2:01  Stalker, Warp Gate  
  26  2:05  Sentry  
  26  2:07  Probe  
  29  2:13  Pylon  
  30  2:33  Sentry  
  30  2:34  Stalker  
  33  2:38  Phoenix  
  33  2:42  Nexus  
  33  2:56  Probe  
  34  2:59  Robotics Facility  
  34  3:07  Sentry  
  34  3:08  Probe  
  37  3:12  Pylon  
  37  3:20  Probe  
  38  3:32  Probe  
  39  3:39  Twilight Council  
  39  3:44  Probe  
  41  3:49  Stalker  
  41  3:51  Stalker  
  41  3:52  Warp Prism (Chrono Boost)  
  46  3:55  Probe  
  46  3:59  Probe  
  48  4:08  Probe  
  49  4:11  Probe (Chrono Boost)  
  49  4:15  Stalker  
  52  4:20  Probe (Chrono Boost)  
  52  4:23  Assimilator, Probe (Chrono Boost)  
  54  4:26  Assimilator  
  54  4:29  Probe (Chrono Boost)  
  54  4:30  Probe (Chrono Boost)  
  56  4:35  Stalker  
  59  4:38  Pylon  
  59  4:44  Templar Archives  
  58  4:49  Probe (Chrono Boost)  
  58  4:51  Probe (Chrono Boost)  
  56  5:01  Probe (Chrono Boost)  
  56  5:05  Probe (Chrono Boost)  
  56  5:07  Probe (Chrono Boost)  
  57  5:09  Charge (Chrono Boost), Gateway  
  57  5:10  Gateway  
  59  5:14  Probe (Chrono Boost)  
  59  5:15  Probe (Chrono Boost)  
  60  5:27  Probe (Chrono Boost)  
  62  5:29  High Templar  
  62  5:30  High Templar, Probe (Chrono Boost)  
  62  5:31  Pylon  
  62  5:32  Probe (Chrono Boost)  
  62  5:34  Archon  
  67  5:37  Probe  
  67  5:41  Pylon  
  67  5:42  Probe  
  69  5:48  Gateway  
  69  5:50  Gateway  
  69  5:56  Gateway  
  69  5:59  Gateway  
  69  6:04  Probe  
  68  6:07  Probe  
  68  6:09  High Templar x2  
  69  6:13  Archon  
  69  6:16  Probe  
  69  6:17  Pylon  
  70  6:19  Probe  
  71  6:27  High Templar  
  71  6:28  High Templar, Probe  
  71  6:30  Pylon  
  71  6:31  Probe  
  77  6:32  Archon  
  78  6:51  Zealot x4  
  78  6:52  Zealot  
  87  6:56  Zealot  
  87  6:59  Zealot  
  87  7:00  Zealot  
  93  7:04  Pylon  
  87  7:20  High Templar x3  
  87  7:21  High Templar, Zealot x2  
  87  7:22  Zealot x2  
  99  7:24  Archon  
  99  7:25  Archon  
  79  7:47  Zealot x4  
Show
View Real Time Build Order
Export as new Build Order

ShoWTimE Protoss - Winner!

Build Orders: Oracle Opening, Phoenix Opening, Zealot Archon 

Get SALT Encoding   

  12  0:00  Probe  
  13  0:12  Probe  
  14  0:17  Pylon  
  14  0:24  Probe (Chrono Boost)  
  15  0:36  Probe (Chrono Boost)  
  15  0:37  Gateway  
  16  0:44  Probe (Chrono Boost)  
  16  0:46  Assimilator  
  17  0:51  Probe  
  17  0:54  Assimilator  
  18  1:03  Probe (Chrono Boost)  
  19  1:10  Gateway  
  19  1:14  Probe (Chrono Boost)  
  20  1:18  Probe (Chrono Boost)  
  20  1:24  Cybernetics Core  
  21  1:30  Probe  
  22  1:35  Pylon  
  22  1:42  Probe  
  23  1:54  Probe  
  26  2:01  Sentry, Stalker  
  26  2:02  Warp Gate  
  26  2:06  Probe  
  29  2:13  Pylon  
  29  2:29  Stargate  
  29  2:37  Phoenix  
  29  2:42  Stalker  
  31  2:51  Nexus  
  31  2:54  Probe  
  31  3:01  Shield Battery  
  31  3:06  Probe  
  31  3:10  Oracle (Chrono Boost)  
  32  3:18  Probe  
  36  3:24  Pylon  
  36  3:30  Probe  
  37  3:39  Oracle (Chrono Boost)  
  37  3:42  Probe  
  41  3:54  Robotics Facility, Probe  
  42  4:03  Probe (Chrono Boost)  
  42  4:07  Probe (Chrono Boost)  
  42  4:09  Adept x2  
  48  4:15  Probe (Chrono Boost)  
  49  4:19  Probe (Chrono Boost)  
  49  4:20  Phoenix  
  49  4:24  Probe (Chrono Boost)  
  53  4:25  Probe (Chrono Boost)  
  53  4:30  Probe  
  54  4:34  Probe, Pylon  
  56  4:42  Observer, Probe  
  58  4:46  Probe  
  57  4:54  Probe  
  57  4:56  Assimilator  
  57  4:58  Forge  
  57  4:59  Probe  
  57  5:00  Sentry, Assimilator  
  57  5:06  Probe  
  60  5:11  Immortal, Probe  
  60  5:13  Pylon  
  65  5:18  Probe  
  66  5:21  Protoss Ground Weapons Level 1 (Chrono Boost)  
  66  5:23  Probe, Gateway  
  66  5:25  Gateway  
  67  5:31  Probe  
  68  5:39  Pylon  
  68  5:45  Gateway  
  68  5:48  Twilight Council  
  68  5:52  Immortal  
  72  6:00  Gateway  
  69  6:11  Gateway  
  69  6:14  Gateway, Shield Battery  
  69  6:16  Shield Battery  
  69  6:18  Zealot x2  
  69  6:23  Charge (Chrono Boost)  
  69  6:24  Templar Archives  
  73  6:27  Zealot  
  75  6:42  Pylon, Zealot x3  
  75  6:43  Archon  
  81  6:50  Pylon  
  81  6:54  Zealot x2  
  81  6:58  Pylon  
  85  7:03  High Templar x2  
  85  7:07  Pylon, Archon  
  89  7:12  Zealot  
  89  7:13  Zealot x2  
  95  7:22  High Templar x2, Shield Battery  
  97  7:26  Archon  
  97  7:29  Zealot  
  99  7:35  Zealot  
  99  7:36  Zealot x3  
  107  7:42  Zealot  
  95  7:50  Zealot  
Tags
 
Add a new tag
Caveats
  • Supply blocks, unpowered buildings, or Contaminate may cause inaccurate times.
  • Supply counts are checked every 10 seconds.